 Dungeon Crawl Stone Soup version 0.26.0-10-g1f06aea511 (webtiles) character file.

Game seed: 2650347097436427002

126120 DRAGONFLAY the Severer (level 16, -5/149 HPs)
             Began as a Minotaur Fighter on Feb 2, 2021.
             Was an Elder of Nemelex Xobeh.
             Slain by a demonic crawler (8 damage)
             ... summoned by a deep elf mage
             ... on level 1 of the Elven Halls.
             The game lasted 03:14:46 (18376 turns).

DRAGONFLAY the Severer (Minotaur Fighter)          Turns: 18376, Time: 03:14:46

Health: -5/149     AC: 29    Str: 30    XL:     16   Next: 43%
Magic:  26/26      EV:  4    Int:  8    God:    Nemelex Xobeh [****..]
Gold:   1366       SH:  0    Dex: 12    Spells: 15/16 levels left

rFire    + + +     SeeInvis .   f - +6 broad axe of Mingeake {protect, rElec rN+ Int-5}
rCold    . . .     Faith    .   u - +5 tower shield "Wurch" {rF+}
rNeg     + + .     Spirit   .   q - +1 plate armour
rPois    .         Reflect  .   W - +2 hat
rElec    +         Harm     .   A - scarf {repulsion}
rCorr    .         Rampage  .   i - +1 pair of gloves
Will     +....                  y - +0 pair of boots {Fly}
Stlth    ..........             V - amulet of regeneration
HPRegen  0.74/turn              a - ring "Cidwazes" {rF+ rN+ Slay+3}
MPRegen  0.20/turn              o - ring "Lataij" {rF+ MP+9 Int+8 Dex+2 Stlth-}

@: confused, mighty, silence (expiring), protection aura, flying, held, repel
missiles
A: retaliatory headbutt, beak, horns 2, blurry vision 1, strong 1, MP-powered
wands
a: Stop Flying, Renounce Religion


You were on level 1 of the Elven Halls.
You worshipped Nemelex Xobeh.
Nemelex Xobeh was greatly pleased with you.
You visited 4 branches of the dungeon, and saw 19 of its levels.
You visited the Abyss 2 times.

You collected 1681 gold pieces.
You spent 315 gold pieces at shops.

Inventory:

Hand Weapons
 f - the +6 broad axe of Mingeake (weapon) {protect, rElec rN+ Int-5}
   (You found it on level 14 of the Dungeon)

   It grants its wielder temporary protection when it strikes (+7 to AC).
   It affects your intelligence (-5).
   It insulates you from electricity.
   It protects you from negative energy.
 t - the +10 mace of Defiance {flame, rPois}
   (You found it on level 14 of the Dungeon)

   It has been specially enchanted to burn those struck by it, causing extra
   injury to most foes and up to half again as much damage against particularly
   susceptible opponents.
   It protects you from poison.
 x - a +6 vorpal broad axe
Missiles
 U - 8 silver boomerangs
Armour
 i - a +1 pair of gloves (worn)
 q - a +1 plate armour (worn)
 u - the +5 tower shield "Wurch" (worn) {rF+}
   (You acquired it on level 8 of the Dungeon)

   It protects you from fire.
 y - a +0 pair of boots of flying (worn)
 A - a scarf of repulsion (worn)
 W - a +2 hat (worn)
Jewellery
 a - the ring "Cidwazes" (left hand) {rF+ rN+ Slay+3}
   (You acquired it on level 14 of the Dungeon)

   [ring of protection from fire]

   It affects your accuracy and damage with ranged weapons and melee attacks
   (+3).
   It protects you from fire.
   It protects you from negative energy.
 n - an uncursed ring of willpower
 o - the ring "Lataij" (right hand) {rF+ MP+9 Int+8 Dex+2 Stlth-}
   (You acquired it on level 13 of the Dungeon)

   [ring of magical power]

   It affects your intelligence (+8).
   It affects your dexterity (+2).
   It protects you from fire.
   It affects your magic capacity (+9).
   It makes you less stealthy.
 p - an uncursed ring of magical power {unknown}
 G - a +6 ring of intelligence
 M - an uncursed ring of see invisible
 R - an uncursed amulet of the acrobat
 V - an amulet of regeneration (around neck)
Wands
 h - a wand of paralysis (8)
 m - a wand of enslavement (8)
 E - a wand of flame (47)
 H - a wand of acid (9)
 I - a wand of digging (3)
 P - a wand of iceblast (10)
Scrolls
 b - a scroll of summoning
 c - 2 scrolls of torment
 j - 6 scrolls of teleportation
 l - 3 scrolls of blinking
 r - 2 scrolls of fear
 w - 3 scrolls of vulnerability
 D - 8 scrolls of amnesia
 K - 3 scrolls of remove curse
 Q - 3 scrolls of identify
 S - a scroll of enchant armour
 T - 3 scrolls of magic mapping
 X - a scroll of holy word
 Y - 4 scrolls of fog
 Z - 2 scrolls of immolation
Potions
 d - a potion of might
 g - 6 potions of cancellation
 k - 3 potions of berserk rage
 s - 2 potions of haste
 v - a potion of brilliance
 B - 2 potions of lignification
 C - 5 potions of magic
 F - a potion of flight
 J - a potion of invisibility
 L - 2 potions of resistance
 N - a potion of attraction
 O - 3 potions of degeneration
Miscellaneous
 e - a lightning rod (4/4)


   Skills:
 + Level 15.5 Fighting
 + Level 0.4(0.5) Short Blades
 + Level 0.5(0.7) Long Blades
 - Level 20.0 Axes
 + Level 0.5(13.5) Maces & Flails
 + Level 0.5(13.5) Polearms
 + Level 0.5(0.9) Staves
 + Level 0.4(1.7) Slings
 + Level 0.4 Bows
 + Level 0.9 Crossbows
 + Level 2.5 Throwing
 + Level 11.9 Armour
 + Level 3.4 Dodging
 + Level 1.7 Stealth
 + Level 17.5 Shields
 + Level 0.4 Unarmed Combat
 + Level 0.6 Spellcasting
 + Level 0.7 Conjurations
 + Level 0.6 Hexes
 + Level 0.2 Summonings
 + Level 0.2 Necromancy
 + Level 0.2 Translocations
 + Level 0.2 Transmutations
 + Level 0.7 Fire Magic
 + Level 0.7 Ice Magic
 + Level 1.0 Air Magic
 + Level 0.9 Earth Magic
 + Level 0.2 Poison Magic
 + Level 3.3 Invocations
 + Level 1.3 Evocations


You had 15 spell levels left.
You knew the following spells:

 Your Spells              Type           Power        Failure   Level
a - Freeze                Ice            4%           99%         1

Your spell library contained the following spells:

 Spells                   Type           Power        Failure   Level
 Magic Dart               Conj           4%           99%         1
 Blink                    Tloc           N/A          100%        2
 Call Imp                 Summ           0%           100%        2
 Slow                     Hex            1%           100%        2
 Conjure Flame            Conj/Fire      1%           100%        3
 Frozen Ramparts          Ice            2%           100%        3
 Mephitic Cloud           Conj/Pois/Air  1%           100%        3
 Ozocubu's Armour         Ice            1%           100%        3
 Hailstorm                Conj/Ice       1%           100%        4
 Leda's Liquefaction      Hex/Erth       0%           100%        4
 Summon Ice Beast         Ice/Summ       1%           100%        4
 Bolt of Magma            Conj/Fire/Erth 0%           100%        5
 Iron Shot                Conj/Erth      0%           100%        6
 Statue Form              Tmut/Erth      0%           100%        6
 Shatter                  Erth           0%           100%        9


Dungeon Overview and Level Annotations

Branches:
Dungeon (15/15)            Temple (1/1) D:7            Lair (0/6) D:10
    Orc (2/2) D:11            Elf (1/3) Orc:2        Vaults (0/5) D:13
 Depths (0/5) D:15

Altars:
Ashenzari
Cheibriados
Dithmenos
Elyvilon
Fedhas
Gozag
Hepliaklqana
Kikubaaqudgha
Makhleb
Nemelex Xobeh
Okawaru
Qazlal
Ru
Sif Muna
Trog
Uskayaw
Vehumet
Wu Jian
Xom
Yredelemnul
Zin
The Shining One
Beogh

Shops:
D:4 *   Orc:2 [[(   Elf:1 :

Annotations:
D:4 exclusion: statue


Innate Abilities, Weirdness & Mutations

You reflexively headbutt those who attack you in melee.
You have a pair of horns on your head.
You have a beak for a mouth.
Scrolls take you a little longer to read.
Your muscles are strong. (Str +2)
You expend magic power (3 MP) to strengthen your wands.


Message History

The jumping spider pounces on you.
* * * LOW HITPOINT WARNING * * *
The jumping spider barely misses you.
The demonic crawler hits you but does no damage. x2
The demonic crawler barely misses you.
The deep elf mage casts a spell.
The great orb of eyes gazes at you.
You are more confused.
The goliath frog hits you from afar!
* * * LOW HITPOINT WARNING * * *
You are splashed with acid.
* * * LOW HITPOINT WARNING * * *
You feel more experienced!
Your Air Magic skill increases to level 1!
You have reached level 16!
You feel agile.
The great orb of eyes changes into a goliath frog!
The jumping spider closely misses you. The jumping spider barely misses you.
The demonic crawler hits you!
You die...
Your body glows with a rainbow of weird colours and disappears.

#####################
#....................
#.###################
#.#8..#.#.#.#.#e#. ..
#.#............... #
#.#s)s##.##.##......#
#.#)@FY4.......###.e.
#.#8)ee8#...#### ...
#.###F####'## S ###
##...#4:⌠#8..#.... 8.8
#...©#::_#©..eE.... ..
#....#[:⌠#8E.#.....8.8
#..###'####'##⌠...####
#..#8...8#...####.e...
#..#............###e.E


You could see an elephant, a demonic crawler (summoned), a hellwing (summoned),
a goliath frog, a goliath frog shaped shifter, 2 deep elf magi, a chaos spawn
(summoned) and a jumping spider (summoned).

Vanquished Creatures
  2 tentacled starspawn (Abyss:4)
  Roxanne (D:14)
  Donald (Orc:2)
  An orc warlord (Orc:2)
  2 deep elf sorcerers (Elf:1)
  Louise (D:15)
  Nessos (D:15)
  2 deep elf annihilators (Elf:1)
  5 deep elf demonologists (Elf:1)
  A boulder beetle (D:14)
  Harold (D:8)
  A hydra (D:13)
  A centaur warrior (D:14)
  Erica (D:8)
  4 two-headed ogres
  4 dancing weapons
  An ogre mage (D:11)
  4 orc high priests
  A vampire mage (D:15)
  A thrashing horror (Abyss:2)
  A wretched star (Abyss:4)
  8 deep elf knights (Elf:1)
  2 skeletal warriors (D:15)
  A death drake (Abyss:2)
  2 deep elf archers (Elf:1)
  2 lindwurms
  A mana viper (Abyss:4)
  A necromancer (D:15)
  A tengu zombie (D:15)
  4 orc knights (Orc:2)
  5 ugly things
  A wolf spider zombie (D:14)
  24 deep elf magi
  4 orc sorcerers
  A will-o-the-wisp (Abyss:4)
  A worldbinder (Abyss:4)
  2 cyclopes (D:15)
  3 manticores
  An elephant (D:10)
  3 centaur zombies
  A stone giant skeleton (D:15)
  A water nymph (Elf:1)
  A gargoyle (D:15)
  2 centaur skeletons (D:13)
  Psyche (D:8)
  3 kobold demonologists
  A komodo dragon (shapeshifter) (Abyss:4)
  4 komodo dragons
  A redback zombie (D:13)
  2 hellwings (Abyss:4)
  A yaktaur (D:11)
  A queen bee (Elf:1)
  An elf skeleton (D:15)
  A hornet (D:14)
  8 trolls
  Grinder (D:3)
  4 slime creatures (D:12)
  A harpy skeleton (D:14)
  4 raiju (Abyss:4)
  Sigmund (D:3)
  An air elemental (Elf:1)
  A water elemental (Elf:1)
  5 wraiths
  A vampire (D:15)
  16 yaks
  A fire elemental (Elf:1)
  3 wyverns
  5 small abominations
  2 basilisks
  A hog (shapeshifter) (D:14)
  2 steam dragons
  4 large abominations
  3 soldier ants
  A water moccasin (D:8)
  A naga (Orc:1)
  3 wargs
  A floating eye (Elf:1)
  An eye of draining (D:13)
  A floating eye (shapeshifter) (Elf:1)
  3 phantoms
  3 ice beasts
  3 black bears
  A swamp drake (Orc:1)
  7 sky beasts
  31 orc warriors
  10 ogres
  17 centaurs
  7 big kobolds
  14 bullfrogs
  A gnoll sergeant (D:10)
  3 earth elementals (Elf:1)
  A wyvern skeleton (D:14)
  A water moccasin zombie (D:11)
  A water moccasin skeleton (D:9)
  5 scorpions
  2 killer bees (D:12)
  10 wights
  8 howler monkeys
  3 bullfrog zombies
  5 hounds
  4 jellies
  28 orc wizards
  A gnoll shaman (D:9)
  19 orc priests
  2 bullfrog skeletons
  Jessica (D:3)
  Natasha (twice) (D:2)
  6 iguanas
  10 worker ants
  A hound zombie (D:6)
  11 gnolls
  A howler monkey skeleton (D:2)
  7 adders
  A white imp (D:8)
  4 ufetubi
  An ooze (D:1)
  A worm (D:3)
  2 dart slugs
  5 leopard geckos
  117 orcs
  6 bats
  7 giant cockroaches
  9 goblins
  5 hobgoblins
  18 jackals
  6 quokkas
  4 ball pythons
  3 frilled lizards
  27 kobolds
  A leopard gecko zombie (D:6)
  5 rats
  A starspawn tentacle (Abyss:4)
649 creatures vanquished.

Vanquished Creatures (collateral kills)
  An orc high priest (Orc:2)
  An orc knight (D:15)
  A manticore (D:11)
  An elf zombie (D:15)
  A slime creature (D:12)
  An ice beast (D:12)
  3 killer bees (D:12)
  3 wights (D:14)
12 creatures vanquished.

Vanquished Creatures (others)
  2 raiju (Abyss:4)
  An air elemental (Elf:1)
  A large abomination (Abyss:4)
  4 foxfires (Abyss:4)
  A lurking horror (Abyss:4)
  2 plants (D:10)
  9 starspawn tentacles (Abyss:4)
  4 withered plants (D:15)
24 creatures vanquished.

Grand Total: 685 creatures vanquished

Notes
Turn   | Place    | Note
-------+----------+-------------------------------------------
     0 | D:1      | DRAGONFLAY the Minotaur Fighter began the quest for the
                  | Orb.
     0 | D:1      | Reached XP level 1. HP: 19/19 MP: 0/0
    82 | D:1      | Reached XP level 2. HP: 16/27 MP: 1/1
   347 | D:1      | Reached XP level 3. HP: 31/33 MP: 2/2
  1244 | D:2      | Reached skill level 3 in Axes
  1378 | D:2      | Noticed Natasha
  1384 | D:2      | Killed Natasha
  1385 | D:2      | Reached XP level 4. HP: 40/40 MP: 3/3
  1802 | D:2      | Noticed Natasha
  1816 | D:2      | Killed Natasha
  1817 | D:2      | Reached XP level 5. HP: 43/47 MP: 4/4
  1917 | D:3      | Reached skill level 5 in Shields
  2210 | D:3      | Noticed Sigmund
  2211 | D:3      | Noticed Grinder
  2234 | D:3      | Killed Sigmund
  2235 | D:3      | Reached skill level 5 in Fighting
  2235 | D:3      | Reached skill level 4 in Axes
  2235 | D:3      | Reached skill level 5 in Armour
  2235 | D:3      | Reached XP level 6. HP: 27/56 MP: 5/5
  2247 | D:3      | Killed Grinder
  2248 | D:3      | Reached skill level 5 in Axes
  2248 | D:3      | Reached XP level 7. HP: 23/61 MP: 6/6
  2322 | D:3      | Noticed Jessica
  2332 | D:3      | Killed Jessica
  2653 | D:4      | Found a radiant altar of Vehumet.
  2803 | D:4      | Found Damifaog's Desiderata Depot.
  2852 | D:4      | Reached skill level 6 in Axes
  2966 | D:4      | Found a white marble altar of Elyvilon.
  2982 | D:4      | Found a sparkling altar of Nemelex Xobeh.
  3002 | D:4      | Found a snail-covered altar of Cheibriados.
  3046 | D:4      | Found a blossoming altar of Fedhas.
  3076 | D:4      | Became a worshipper of Nemelex Xobeh the Trickster
  3186 | D:5      | Entered Level 5 of the Dungeon
  3356 | D:5      | Reached skill level 1 in Throwing
  3381 | D:5      | Reached skill level 7 in Axes
  3381 | D:5      | Reached XP level 8. HP: 58/70 MP: 7/7
  3675 | D:5      | Gained mutation: You are partially covered in molten
                  | scales. (AC +2) [potion of mutation]
  3675 | D:5      | Gained mutation: You are surrounded by a mild repulsion
                  | field. (EV +2) [potion of mutation]
  3675 | D:5      | Gained mutation: You have large cloven feet. [potion of
                  | mutation]
  3675 | D:5      | Gained mutation: You have a beak for a mouth. [potion of
                  | mutation]
  3774 | D:6      | Reached skill level 8 in Axes
  3884 | D:6      | Found a hazy altar of Hepliaklqana.
  4355 | D:6      | Reached skill level 9 in Axes
  4634 | D:7      | Reached XP level 9. HP: 79/79 MP: 8/8
  4706 | D:7      | Reached * piety under Nemelex Xobeh
  4722 | D:7      | Reached skill level 10 in Axes
  4805 | D:7      | Received a gift from Nemelex Xobeh
  4809 | D:7      | Found a staircase to the Ecumenical Temple.
  4856 | D:7      | Reached skill level 11 in Axes
  4882 | Temple   | Entered the Ecumenical Temple
  5656 | D:7      | Lost mutation: You have large cloven feet. [potion of
                  | mutation]
  5656 | D:7      | Lost mutation: You are surrounded by a mild repulsion
                  | field. (EV +2) [potion of mutation]
  5656 | D:7      | Lost mutation: You are partially covered in molten scales.
                  | (AC +2) [potion of mutation]
  5656 | D:7      | Gained mutation: You expend magic power (3 MP) to
                  | strengthen your wands. [potion of mutation]
  5656 | D:7      | Gained mutation: Your muscles are strong. (Str +2) [potion
                  | of mutation]
  5739 | D:8      | Noticed Erica
  5750 | D:8      | Killed Erica
  5751 | D:8      | Reached skill level 12 in Axes
  5865 | D:8      | Reached XP level 10. HP: 88/88 MP: 9/9
  5937 | D:8      | You fall into a shaft and drop 3 floors!
  5959 | D:11     | Noticed a manticore
  5974 | D:11     | Killed a manticore
  5975 | D:11     | Reached skill level 1 in Dodging
  5988 | D:11     | Noticed a manticore
  5999 | D:10     | Entered Level 10 of the Dungeon
  6360 | D:10     | Found a staircase to the Lair.
  6363 | D:10     | Noticed an elephant
  6382 | D:10     | Killed an elephant
  6624 | D:10     | Got an encrusted ring mail
  6736 | D:9      | Found a stormy altar of Qazlal.
  6746 | D:9      | Found a bloodstained altar of Trog.
  6817 | D:9      | Reached skill level 13 in Axes
  6990 | D:8      | Reached ** piety under Nemelex Xobeh
  6992 | D:8      | Noticed Psyche
  7001 | D:8      | Killed Psyche
  7205 | D:8      | Noticed Harold
  7224 | D:8      | Killed Harold
  7336 | D:8      | Reached XP level 11. HP: 93/97 MP: 10/10
  7400 | D:8      | Identified the +4 ring mail of Springtime {rElec Stlth+}
                  | (You found it on level 10 of the Dungeon)
  7403 | D:8      | Identified 4 scrolls of acquirement
  7418 | D:8      | Found an opulent altar of Gozag.
  8062 | D:8      | Acquired a +4 vorpal broad axe
  8071 | D:8      | Acquired the +5 tower shield "Wurch" {rF+}
  8083 | D:8      | Acquired a +0 pair of boots of flying
  8097 | D:8      | Acquired a manual of Axes
  8252 | D:9      | Received a gift from Nemelex Xobeh
  9083 | D:11     | Reached skill level 10 in Shields
  9188 | D:11     | Noticed a two-headed ogre
  9196 | D:11     | Killed a two-headed ogre
  9197 | D:11     | Reached skill level 14 in Axes
  9254 | D:11     | Found a staircase to the Orcish Mines.
  9288 | D:11     | Reached *** piety under Nemelex Xobeh
  9316 | D:11     | Noticed an ogre mage
  9322 | D:11     | Killed an ogre mage
  9369 | D:11     | Received a gift from Nemelex Xobeh
  9570 | D:11     | Noticed a white ugly thing
  9578 | D:11     | Killed a white ugly thing
  9579 | D:11     | Reached skill level 15 in Axes
  9889 | D:12     | Reached skill level 10 in Fighting
 10047 | D:12     | Reached skill level 16 in Axes
 10080 | D:12     | Noticed a sun demon
 10083 | D:12     | Reached XP level 12. HP: 90/106 MP: 11/11
 10557 | D:12     | Received a gift from Nemelex Xobeh
 10748 | D:12     | Learned a level 1 spell: Freeze
 10770 | D:13     | Reached skill level 17 in Axes
 10845 | D:13     | Found a gate to the Vaults.
 10852 | D:13     | Reached **** piety under Nemelex Xobeh
 11088 | D:13     | Reached skill level 18 in Axes
 11094 | D:13     | Noticed a two-headed ogre
 11102 | D:13     | Killed a two-headed ogre
 11580 | D:13     | Noticed a five-headed hydra
 11589 | D:13     | Killed a nine-headed hydra
 11736 | D:13     | Received a gift from Nemelex Xobeh
 11797 | D:13     | Acquired the ring "Lataij" {rF+ MP+9 Int+8 Dex+2 Stlth-}
 11851 | D:14     | Got a scorched broad axe
 12070 | D:14     | Noticed a boulder beetle
 12077 | D:14     | Reached skill level 19 in Axes
 12088 | D:14     | Killed a boulder beetle
 12198 | D:14     | Noticed Roxanne
 12330 | D:14     | Got an ancient mace
 12430 | D:14     | Reached XP level 13. HP: 115/116 MP: 12/12
 12912 | D:14     | Identified the +6 broad axe of Mingeake {protect, rElec rN+
                  | Int-5} (You found it on level 14 of the Dungeon)
 12913 | D:14     | Identified the +10 mace of Defiance {flame, rPois} (You
                  | found it on level 14 of the Dungeon)
 12918 | D:14     | Acquired the ring "Cidwazes" {rF+ rN+ Slay+3}
 13029 | D:14     | Killed Roxanne
 13177 | D:15     | Entered Level 15 of the Dungeon
 13178 | D:15     | Identified the -2 hand axe "Fizal" {venom, rF+ rC+ Int+3}
 13269 | D:15     | Reached skill level 1 in Stealth
 13335 | D:15     | Reached skill level 10 in Armour
 13502 | D:15     | Found a staircase to the Depths.
 13597 | D:15     | Noticed Louise
 13617 | D:15     | Killed Louise
 13740 | D:15     | Received a gift from Nemelex Xobeh
 13933 | D:15     | Noticed Nessos
 13936 | D:15     | Killed Nessos
 14570 | D:13     | Reached skill level 20 in Axes
 14703 | Orc:1    | Entered Level 1 of the Orcish Mines
 14874 | Orc:1    | Found a bloodstained altar of Trog.
 15123 | Orc:2    | Entered Level 2 of the Orcish Mines
 15123 | Orc:2    | Reached ***** piety under Nemelex Xobeh
 15187 | Orc:2    | Received a gift from Nemelex Xobeh
 15203 | Orc:2    | Noticed an orc warlord
 15222 | Orc:2    | Killed an orc warlord
 15259 | Orc:2    | Found a staircase to the Elven Halls.
 15297 | Orc:2    | Found a roughly hewn altar of Beogh.
 15588 | Orc:2    | Reached skill level 15 in Shields
 15588 | Orc:2    | Reached XP level 14. HP: 114/127 MP: 13/13
 15615 | Orc:2    | Received a gift from Nemelex Xobeh
 16006 | Orc:2    | Noticed Donald
 16022 | Orc:2    | Killed Donald
 16060 | Orc:2    | Found Weloceck's Antique Weapon Shop.
 16060 | Orc:2    | Found Alugeg's Antique Armour Emporium.
 16067 | Orc:2    | Found Salouc's Magic Scroll Shop.
 16067 | Orc:2    | Found Lych's Armour Emporium.
 16211 | Orc:2    | Bought a scroll of holy word for 75 gold pieces
 16211 | Orc:2    | Bought a scroll of fog for 20 gold pieces
 16211 | Orc:2    | Bought a scroll of magic mapping for 35 gold pieces
 16211 | Orc:2    | Bought a scroll of remove curse for 30 gold pieces
 16211 | Orc:2    | Bought a scroll of fear for 35 gold pieces
 16211 | Orc:2    | Bought a scroll of immolation for 35 gold pieces
 16211 | Orc:2    | Bought a scroll of identify for 20 gold pieces
 16211 | Orc:2    | Bought a scroll of immolation for 35 gold pieces
 16211 | Orc:2    | Bought a scroll of teleportation for 30 gold pieces
 16432 | Elf:1    | Entered Level 1 of the Elven Halls
 16460 | Elf:1    | Noticed a deep elf sorcerer
 16517 | Elf:1    | Cast into level 4 of the Abyss (a deep elf sorcerer)
 16834 | Abyss:4  | Noticed a tentacled starspawn
 16845 | Abyss:4  | Noticed a tentacled starspawn
 16856 | Abyss:4  | Killed a tentacled starspawn
 16865 | Abyss:4  | Killed a tentacled starspawn
 16869 | Abyss:4  | Noticed a tentacled starspawn
 16871 | Elf:1    | Escaped the Abyss
 16935 | Elf:1    | Gained mutation: Scrolls take you a little longer to read.
                  | [a neqoxec]
 17073 | Elf:1    | Noticed a deep elf sorcerer
 17087 | Elf:1    | Killed a deep elf sorcerer
 17265 | Elf:1    | Received a gift from Nemelex Xobeh
 17323 | Elf:1    | Paralysed by a floating eye for 4 turns
 17335 | Elf:1    | Reached skill level 15 in Fighting
 17335 | Elf:1    | Reached skill level 1 in Invocations
 17335 | Elf:1    | Reached XP level 15. HP: 140/141 MP: 15/15
 17426 | Elf:1    | Noticed a storm dragon
 17426 | Elf:1    | a queen ant changed into a storm dragon
 17427 | Elf:1    | a storm dragon changed into a minotaur
 17441 | Elf:1    | Reached skill level 1 in Evocations
 17471 | Elf:1    | Found a radiant altar of Vehumet.
 17480 | Elf:1    | Found a transporter.
 17684 | Elf:1    | Found Veuxogig's Book Shop.
 17758 | Elf:1    | Killed a deep elf sorcerer
 18153 | Elf:1    | Cast into level 2 of the Abyss (a deep elf demonologist)
 18153 | Abyss:2  | Found a corrupted altar of Lugonu.
 18181 | Abyss:2  | Noticed a tentacled starspawn
 18194 | Abyss:2  | Received a gift from Nemelex Xobeh
 18361 | Elf:1    | Escaped the Abyss
 18375 | Elf:1    | HP: 2/141 [acid (6)]
 18376 | Elf:1    | Reached skill level 1 in Air Magic
 18376 | Elf:1    | Reached XP level 16. HP: 2/149 MP: 17/17
 18376 | Elf:1    | Slain by a demonic crawler

Illustrated notes

Levels and vault maps discovered:
D:1:      dpeg_arrival_rooms_a, layout_basic, minmay_pentomino_v4
D:2:      layout_basic, minmay_misc_feat_tower, uniq_natasha
D:3:      kennysheep_big_flooded_room, layout_rooms, uniq_jessica, uniq_sigmund,
          uniq_grinder
D:4:      layout_cave_pools, vehumet_statue, nicolae_overflow_quartered_altars,
          nicolae_alphabet_shops
D:5:      layout_rooms
D:6:      layout_loops_cross, nzn_hepliaklqana_mist_gate,
          kennysheep_generic_room_6
D:7:      layout_basic, minmay_temple_entry_junction, grunt_ministairs_14
D:8:      layout_basic, nicolae_gozag_cash_rules_everything_around_me,
          uniq_harold, uniq_psyche, uniq_erica
D:9:      layout_basic, nicolae_overflow_crystal_walls, bloody_trog
D:10:     layout_basic, david_lair_generic
D:11:     minmay_cornered_nines, layout_small_grid, orc_0_dummy
D:12:     layout_cave_pods
D:13:     layout_roguey, erik_vaults_1
D:14:     layout_cave_pods, minmay_staircase_statues_hall_small,
          minmay_misc_feat_chi, uniq_roxanne
D:15:     gammafunk_depths_entry_grave, layout_stronghold,
          chequers_serial_rivers_small_b, uniq_louise, uniq_nessos
Temple:   nicolae_temple_figure_eight
Orc:1:    layout_caves, basic_altar
Orc:2:    grunt_orc_tribal_feast, layout_caves, basic_altar, uniq_donald
Elf:1:    gammafunk_sealed_library, layout_geoelf_diagonals, serial_shops, shop,
          minivault_28, hex_medium

Skill      XL: |  1  2  3  4  5  6  7  8  9 10 11 12 13 14 15 |
---------------+----------------------------------------------+-----
Shields        | 4 5 6 7 9 11 13 15 16 17 | 17.5
Fighting       | 4 5 6 7 8 9 10 11 12 15 | 15.5
Armour         | 4 5 6 7 8 9 10 11 | 11.9
Axes           | 3 4 5 7 9 12 13 16 19 20 | 20.0
Throwing       | 1 2 |  2.5
Dodging        | 1 3 |  3.4
Stealth        | 1 |  1.7
Invocations    | 1 3 |  3.3
Evocations     | 1 |  1.3
Air Magic      | 1 |  1.0
Short Blades   | |  0.4
Long Blades    | |  0.5
Maces & Flails | |  0.5
Polearms       | |  0.5
Staves         | |  0.5
Slings         | |  0.4
Bows           | |  0.4
Crossbows      | |  0.9
Unarmed Combat | |  0.4
Spellcasting   | |  0.6
Conjurations   | |  0.7
Hexes          | |  0.6
Summonings     | |  0.2
Necromancy     | |  0.2
Translocations | |  0.2
Transmutations | |  0.2
Fire Magic     | |  0.7
Ice Magic      | |  0.7
Earth Magic    | |  0.9
Poison Magic   | |  0.2

Action                   |  1- 3 |  4- 6 |  7- 9 | 10-12 | 13-15 | 16-18 || total
-------------------------+-------+-------+-------+-------+-------+-------++-------
Melee: War axe           |    75 |   114 |   302 |   232 |       |       ||   723
       Headbutt          |     8 |    18 |    53 |   134 |   163 |       ||   376
       Kick              |       |       |    27 |       |       |       ||    27
       Peck              |       |       |    32 |   132 |   134 |       ||   298
       Broad axe         |       |       |       |   395 |   579 |       ||   974
Throw: Javelin           |     3 |       |       |       |       |       ||     3
       Throwing net      |       |     1 |       |       |       |       ||     1
       Boomerang         |       |     1 |    14 |     4 |     1 |       ||    20
Invok: Draw Destruction  |       |       |       |     4 |    10 |       ||    14
       Draw Summoning    |       |       |       |     3 |     8 |       ||    11
       Triple Draw       |       |       |       |       |     4 |       ||     4
Evoke: Wand              |       |       |       |     1 |     2 |       ||     3
       Lightning rod     |       |       |       |       |     1 |       ||     1
  Use: Scroll            |     7 |     4 |    17 |    18 |    11 |       ||    57
       Potion            |       |       |     7 |       |     4 |       ||    11
 Stab: Distracted        |       |       |       |       |     1 |       ||     1
Armor: Scale mail        |    20 |       |       |       |       |       ||    20
       Plate armour      |    24 |    70 |   136 |   174 |   134 |       ||   538
Dodge: Dodged            |    17 |    11 |    64 |    74 |    95 |     2 ||   263
       Repelled          |       |       |       |     5 |     6 |       ||    11
Block: Kite shield       |    44 |    54 |   135 |    95 |       |       ||   328
       Tower shield      |       |       |       |   402 |   524 |       ||   926
